Map: Buried Caverns

Players

kyle - Winner!

  • Race: Protoss Protoss
  • Spawn Location: 3:00

Red - Winner!

  • Race: Terran Terran
  • Spawn Location: 3:00

wolfpack - Winner!

  • Race: Terran Terran
  • Spawn Location: 5:00

SubjectXile

  • Race: Zerg Zerg
  • Spawn Location: 9:00

aaronSC

  • Race: Zerg Zerg
  • Spawn Location: 9:00

Pain

  • Race: Protoss Protoss
  • Spawn Location: 7:00

VOD

Have the link to the VOD?

Description

Time

  • Played on: March 14, 2018, 1:44 a.m.
  • Length: 12:04
Show
View Real Time Build Order
Export as new Build Order

kyle Protoss - Winner!

Build Orders:  

Get SALT Encoding   

  12  0:05  Probe  
  13  0:17  Probe  
  14  0:22  Pylon  
  14  0:29  Probe  
  15  0:41  Gateway  
  15  0:52  Forge  
  15  0:57  Probe (Chrono Boost)  
  15  1:01  Assimilator  
  16  1:09  Probe (Chrono Boost)  
  17  1:19  Pylon  
  17  1:34  Probe, Assimilator  
  18  1:41  Cybernetics Core  
  18  1:46  Probe  
  19  1:53  Photon Cannon  
  19  2:01  Probe (Chrono Boost)  
  20  2:13  Probe (Chrono Boost)  
  21  2:26  Stargate  
  21  2:28  Probe  
  22  2:46  Nexus  
  22  3:07  Pylon  
  22  3:08  Void Ray (Chrono Boost)  
  26  3:43  Photon Cannon  
  26  3:48  Photon Cannon  
  26  3:52  Pylon, Void Ray (Chrono Boost)  
  30  4:02  Probe (Chrono Boost)  
  31  4:13  Probe (Chrono Boost)  
  32  4:17  Photon Cannon  
  32  4:23  Pylon  
  32  4:43  Fleet Beacon  
  32  4:49  Pylon  
  32  4:59  Void Ray (Chrono Boost)  
  36  5:29  Stargate  
  36  5:30  Probe  
  36  5:34  Assimilator  
  37  5:42  Probe  
  38  6:13  Carrier (Chrono Boost)  
  38  6:14  Carrier (Chrono Boost)  
  50  7:58  Carrier  
  56  7:59  Carrier  
  62  8:23  Probe, Assimilator  
  63  8:30  Pylon  
  63  8:35  Probe  
  63  8:37  Stargate  
  64  8:48  Probe (Chrono Boost)  
  65  8:59  Probe (Chrono Boost)  
  66  9:05  Probe (Chrono Boost)  
  67  9:14  Probe, Nexus  
  68  9:19  Pylon  
  68  9:22  Carrier (Chrono Boost)  
  68  9:25  Carrier (Chrono Boost)  
  68  9:26  Probe  
  81  9:38  Probe  
  88  9:42  Carrier (Chrono Boost)  
  88  10:26  Photon Cannon  
  88  10:28  Photon Cannon  
  88  10:32  Photon Cannon  
  88  10:35  Assimilator  
  88  10:37  Probe  
  88  10:41  Carrier (Chrono Boost)  
  101  10:45  Pylon  
  107  11:15  Probe (Chrono Boost)  
  108  11:22  Assimilator  
  108  11:50  Probe  
Show
View Real Time Build Order
Export as new Build Order

Red Terran - Winner!

Build Orders: Mech 

Get SALT Encoding   

  12  0:01  SCV  
  13  0:13  SCV  
  14  0:18  Supply Depot  
  14  0:25  SCV  
  15  0:40  SCV  
  16  0:43  Barracks  
  16  0:46  Refinery  
  16  0:52  SCV  
  17  1:04  SCV  
  18  1:17  SCV  
  19  1:30  Orbital Command, Marine  
  20  1:43  Command Center  
  20  1:54  Supply Depot  
  20  1:56  SCV  
  20  1:59  Marine  
  22  2:08  SCV  
  23  2:11  Factory  
  23  2:17  Refinery  
  23  2:20  Barracks Reactor  
  23  2:23  SCV  
  24  2:35  SCV  
  25  2:47  SCV  
  26  3:01  Orbital Command  
  26  3:03  SCV  
  26  3:04  Cyclone x2  
  33  3:15  SCV  
  34  3:20  Supply Depot  
  34  3:22  Refinery  
  34  3:27  SCV x2  
  35  3:38  Cyclone x2  
  35  3:39  SCV x2  
  43  3:48  Supply Depot  
  43  3:51  SCV x2  
  45  4:03  SCV x2  
  47  4:10  Supply Depot  
  47  4:12  Hellion  
  47  4:13  Hellion  
  47  4:15  SCV x2  
  53  4:19  Factory x2  
  53  4:27  SCV x2  
  55  4:34  Supply Depot  
  55  4:36  Hellion x2  
  59  4:39  SCV x2  
  61  4:51  SCV x2  
  63  4:57  Hellion x2  
  63  4:58  Supply Depot  
  67  5:04  SCV x2  
  67  5:09  Refinery  
  67  5:16  SCV x2  
  67  5:18  Factory Tech Lab x2  
  69  5:23  Supply Depot x2  
  69  5:25  Armory  
  69  5:26  Armory  
  69  5:28  SCV x2  
  65  5:40  SCV x2  
  67  5:47  Siege Tank x2  
  67  5:48  Engineering Bay  
  67  5:49  Hellion  
  72  5:50  Command Center  
  72  5:52  Hellion  
  69  6:03  SCV x2  
  71  6:14  Terran Vehicle Weapons Level 1, Terran Vehicle And Ship Armor Level 1  
  75  6:18  Hellbat x2  
  75  6:19  Siege Tank x2  
  75  6:20  Missile Turret  
  75  6:23  Missile Turret  
  81  6:26  Missile Turret, SCV  
  81  6:27  SCV  
  83  6:39  SCV x2  
  85  6:45  Supply Depot  
  85  6:46  Supply Depot, Hellbat x2  
  89  6:52  Starport  
  89  7:00  Factory x2  
  89  7:03  Siege Tank x2  
  89  7:08  Orbital Command  
  95  7:10  SCV x2  
  95  7:13  Hellbat  
  95  7:15  Hellbat  
  101  7:22  SCV x2  
  101  7:34  SCV x2  
  101  7:35  SCV  
  104  7:46  SCV x2  
  104  7:49  Refinery, SCV  
  91  7:52  Siege Tank, Refinery  
  91  7:53  Factory Tech Lab x2, Thor  
  91  7:55  Hellbat  
  91  7:57  Hellbat  
  104  7:58  SCV  
  105  8:11  Command Center  
  105  8:13  Terran Vehicle Weapons Level 2  
  105  8:21  Terran Vehicle And Ship Armor Level 2  
  105  8:24  Refinery, Starport Reactor, Hellbat x2, Thor  
  115  8:28  Refinery  
  115  8:36  Siege Tank  
  115  8:39  Siege Tank  
  123  8:41  Hellbat  
  123  8:45  Hellbat x2  
  127  8:57  Supply Depot  
  127  8:58  Supply Depot  
  127  9:02  Supply Depot, Thor  
  133  9:03  Supply Depot  
  133  9:18  Siege Tank  
  133  9:19  Hellbat x2  
  133  9:20  Hellbat x2  
  144  9:30  Command Center  
  144  9:31  Planetary Fortress  
  144  9:36  Sensor Tower  
  144  9:37  Missile Turret  
  144  9:38  Missile Turret  
  144  9:39  Missile Turret  
  144  9:41  Missile Turret  
  144  9:45  Missile Turret  
  140  9:47  Missile Turret  
  140  10:09  Siege Tank x2, Thor x2  
  140  10:10  Hellbat x2  
  140  10:11  Medivac x2  
  166  10:41  Siege Tank  
  169  10:51  Liberator  
  154  11:06  Siege Tank x2  
  154  11:07  Hellbat x2  
  154  11:08  Medivac  
  154  11:09  Thor  
  175  11:13  Hellbat  
  170  11:41  Hellbat x2  
  170  11:42  Hellbat  
Show
View Real Time Build Order
Export as new Build Order

wolfpack Terran - Winner!

Build Orders: Command Center First (CC) 

Get SALT Encoding   

  12  0:03  SCV  
  13  0:15  SCV  
  14  0:23  Supply Depot  
  14  0:27  SCV  
  15  0:44  SCV  
  16  1:07  SCV  
  16  1:08  Command Center  
  17  1:20  SCV  
  18  1:25  Barracks  
  18  1:32  SCV  
  19  1:38  Refinery  
  19  1:44  Refinery, SCV  
  20  1:56  SCV  
  21  2:06  Refinery  
  21  2:08  SCV  
  22  2:20  SCV  
  23  2:24  Orbital Command  
  23  2:30  Refinery  
  23  2:41  Barracks Tech Lab  
  23  2:51  Engineering Bay  
  23  2:55  Orbital Command  
  23  3:16  SCV  
  24  3:28  Supply Depot  
  24  3:29  SCV  
  25  3:40  Factory  
  25  4:02  Command Center  
  25  4:32  Refinery  
  25  4:33  SCV  
  27  4:45  SCV  
  27  4:51  Armory  
  27  4:54  Terran Infantry Weapons Level 1  
  27  4:57  Factory Tech Lab  
  27  5:08  Starport  
  27  5:20  SCV  
  28  5:25  SCV  
  29  5:32  SCV  
  30  5:35  Refinery  
  30  5:37  SCV  
  31  5:44  SCV  
  31  5:49  SCV  
  33  5:56  SCV  
  34  6:01  SCV  
  35  6:08  SCV  
  36  6:14  SCV  
  37  6:19  Thor  
  43  6:30  Supply Depot  
  43  6:41  Starport Tech Lab  
  43  6:43  Starport  
  43  6:48  Terran Infantry Armor Level 1  
  43  6:51  Starport  
  43  7:11  Orbital Command, Command Center  
  43  7:34  Supply Depot  
  43  7:35  Starport Tech Lab  
  43  7:38  Starport Tech Lab  
  43  7:45  Starport  
  43  8:09  Terran Vehicle Weapons Level 1  
  43  8:11  Ghost Academy  
  43  8:20  Armory  
  43  8:43  Supply Depot  
  43  8:47  Supply Depot  
  43  8:49  Starport Tech Lab  
  43  9:19  Fusion Core  
  43  9:22  Thor  
  49  9:33  Supply Depot  
  49  9:41  Supply Depot  
  49  9:54  Terran Ship Weapons Level 1  
  49  10:00  Personal Cloaking  
  49  10:03  Terran Vehicle And Ship Armor Level 1  
  49  10:05  Thor  
  55  10:09  Ghost  
  57  10:17  Battlecruiser x2  
  57  10:18  Battlecruiser  
  75  10:38  Ghost  
  77  10:46  SCV  
  77  10:48  Siege Tank  
  81  10:51  SCV  
  82  10:58  SCV  
  83  11:05  Refinery  
  83  11:06  Ghost  
  83  11:09  Refinery  
  83  11:10  SCV  
  86  11:22  SCV  
  86  11:24  Orbital Command  
  87  11:34  SCV  
  87  11:35  Ghost  
  90  11:46  SCV  
  115  11:49  Supply Depot  
  115  11:53  Supply Depot  
Show
View Real Time Build Order
Export as new Build Order

SubjectXile Zerg 

Build Orders: Pool First 

Get SALT Encoding   

  12  0:03  Drone  
  13  0:08  Drone  
  13  0:13  Extractor  
  13  0:17  Drone  
  14  0:35  Spawning Pool  
  14  0:40  Drone  
  14  0:57  Overlord  
  14  1:23  Zergling x4  
  18  1:31  Zergling x2  
  17  1:33  Roach Warren  
  17  1:35  Queen  
  18  2:19  Roach x2  
  22  2:22  Overlord  
  22  2:49  Roach  
  24  3:14  Ravager  
  24  3:15  Ravager x2  
  27  3:37  Drone x3  
  30  3:55  Baneling Nest  
  29  4:01  Hatchery  
  28  4:03  Overlord  
  28  4:36  Drone x4  
  32  4:52  Drone  
  33  5:02  Drone  
  22  5:17  Zergling x2  
  22  5:18  Zergling x6  
  25  5:47  Roach x2  
  29  5:57  Hatchery  
  27  6:15  Extractor  
  27  6:16  Drone  
  27  6:18  Roach x2  
  31  6:27  Ravager x2  
  33  7:05  Ravager x2  
  29  8:00  Drone x3  
  32  8:16  Zergling x4  
  32  8:17  Roach x3  
  32  8:19  Baneling x3  
  40  8:20  Baneling x2  
  40  8:26  Queen  
  40  8:28  Overlord  
  40  8:29  Overlord  
  42  8:42  Overlord x2  
  42  8:51  Ravager x3  
  45  8:56  Roach  
  45  8:57  Roach  
  49  9:08  Lair  
  48  9:46  Zergling x4  
  48  9:47  Zergling x8  
  42  10:11  Drone x2  
  44  10:24  Spire  
  44  10:26  Drone  
  44  10:30  Ravager x2  
Show
View Real Time Build Order
Export as new Build Order

aaronSC Zerg 

Build Orders: Pool First 

Get SALT Encoding   

  12  0:02  Drone  
  13  0:19  Overlord, Drone  
  14  0:28  Overlord  
  14  0:38  Drone  
  15  0:43  Drone  
  15  0:49  Extractor  
  15  0:57  Drone  
  16  1:05  Drone  
  17  1:13  Spawning Pool  
  17  1:15  Drone  
  17  1:27  Drone  
  18  1:35  Drone  
  19  1:46  Drone  
  20  1:58  Drone  
  21  2:26  Queen, Extractor  
  21  2:29  Metabolic Boost  
  22  2:33  Drone x3  
  26  2:51  Zergling x2  
  26  3:22  Drone x3  
  29  3:35  Hatchery  
  29  3:39  Zergling x2  
  29  4:13  Zergling x2  
  29  4:14  Overlord  
  29  4:15  Overlord  
  30  4:33  Baneling Nest  
  29  4:41  Evolution Chamber  
  29  4:43  Zergling x2  
  29  4:44  Zergling x4  
  31  5:03  Zergling x10  
  36  5:25  Baneling x8  
  36  5:26  Baneling x9  
  36  5:27  Baneling  
  36  5:30  Zergling x12  
  34  6:15  Spore Crawler  
  33  6:25  Zerg Melee Weapons Level 1  
  33  6:32  Drone  
  34  6:33  Zergling x10  
  34  6:34  Zergling x12  
  34  6:37  Baneling x7  
  34  6:38  Baneling  
  45  6:40  Lair  
  45  7:02  Zergling x8  
  48  7:10  Zergling x4  
  50  7:22  Overlord  
  50  7:30  Overlord  
  38  7:52  Baneling x7  
  38  7:53  Baneling x7  
  38  7:57  Zergling x8  
  42  8:18  Spine Crawler  
  42  8:19  Zerg Ground Armor Level 1  
  41  8:22  Spore Crawler  
  41  8:26  Spine Crawler  
  39  8:32  Spore Crawler  
  38  8:36  Zergling x2  
  38  8:37  Zergling x6  
  42  8:51  Centrifical Hooks  
  38  9:32  Zergling x4  
  38  9:33  Zergling x8  
  41  9:47  Zergling x2  
  41  9:48  Zergling x4  
  43  10:28  Spire  
  43  10:35  Zergling x6  
  23  10:57  Baneling x4  
  23  10:58  Baneling x2  
  23  11:09  Zergling x2  
  23  11:10  Zergling x4  
  25  11:17  Spine Crawler  
  19  11:22  Zergling x2  
  19  11:23  Spine Crawler  
Show
View Real Time Build Order
Export as new Build Order

Pain Protoss 

Build Orders:  

Get SALT Encoding   

  12  0:04  Probe  
  13  0:22  Pylon  
  13  0:26  Probe  
  14  0:36  Assimilator  
  14  0:38  Probe  
  15  0:54  Pylon  
  15  1:01  Pylon  
  15  1:10  Probe  
  16  1:22  Probe  
  17  1:27  Gateway  
  17  1:34  Probe  
  17  1:37  Forge  
  18  1:46  Probe, Assimilator  
  19  1:58  Probe  
  20  2:02  Gateway  
  20  2:10  Probe  
  21  2:25  Pylon  
  21  2:30  Pylon, Photon Cannon  
  21  2:39  Protoss Ground Weapons Level 1  
  21  2:43  Zealot  
  23  2:53  Probe  
  24  3:02  Zealot  
  26  3:29  Zealot  
  26  3:32  Cybernetics Core  
  28  3:56  Zealot  
  30  4:23  Zealot  
  32  4:33  Protoss Ground Armor Level 1  
  32  4:47  Probe  
  32  4:49  Nexus  
  32  4:50  Zealot  
  32  4:51  Warp Gate  
  35  4:57  Pylon  
  35  4:59  Probe  
  36  5:01  Zealot  
  38  5:17  Stalker  
  40  5:28  Stalker  
  34  5:47  Stalker  
  36  5:56  Photon Cannon  
  36  5:58  Zealot  
  38  6:17  Zealot  
  40  6:25  Zealot  
  36  6:38  Probe  
  37  6:44  Stalker  
  39  6:49  Pylon  
  39  6:50  Probe  
  39  6:52  Stalker  
  42  7:02  Probe  
  43  7:14  Probe, Zealot  
  46  7:22  Stalker  
  48  7:27  Probe  
  37  7:41  Stalker  
  35  7:52  Stalker  
  35  7:56  Probe  
  38  8:08  Probe  
  38  8:11  Stalker  
  41  8:20  Probe  
  41  8:21  Gateway  
  41  8:22  Gateway, Stalker  
  41  8:25  Pylon  
  44  8:32  Probe  
  45  8:40  Assimilator  
  45  8:41  Stalker  
  45  8:44  Probe  
  48  8:52  Stalker  
  50  8:56  Probe  
  51  9:08  Probe  
  52  9:11  Stalker  
  54  9:20  Probe  
  54  9:22  Stalker  
  57  9:41  Zealot  
  59  9:52  Stalker  
  49  10:08  Stalker  
  49  10:10  Stalker x2  
  55  10:21  Stalker  
  57  10:30  Stargate  
  57  10:31  Stargate  
  57  10:37  Probe  
  57  10:38  Stalker  
  57  10:40  Stalker x2  
  64  10:49  Probe  
  65  10:51  Stalker  
  59  11:01  Probe  
  58  11:08  Stalker  
  58  11:09  Twilight Council  
  58  11:10  Stalker x2  
  64  11:13  Probe  
  65  11:21  Stalker  
  65  11:25  Probe  
Tags
 
Add a new tag
Caveats
  • Supply blocks, unpowered buildings, or Contaminate may cause inaccurate times.
  • Supply counts are checked every 10 seconds.